 Dungeon Crawl Stone Soup version 0.30-a0-414-gcb316572d5 (webtiles) character file.

Game seed: 10969499685829992847

13 NinjaNoafa the Trooper (level 2, -1/25 HPs)
             Began as a Merfolk Monk on Dec 7, 2022.
             Slain by a quokka (3 damage)
             ... on level 1 of the Dungeon.
             The game lasted 00:01:26 (174 turns).

NinjaNoafa the Trooper (Merfolk Monk)                Turns: 174, Time: 00:01:26

Health: -1/25      AC:  2    Str: 11    XL:     2   Next: 37%
Magic:  2/2        EV: 13    Int:  9    God:
Gold:   4          SH:  0    Dex: 16    Spells: 1/1 levels left

rFire   . . .      SeeInvis .    a - +0 falchion
rCold   . . .      Faith    .    (no shield)
rNeg    . . .      Spirit   .    b - +0 robe
rPois   .          Reflect  .    (no helmet)
rElec   .          Harm     .    (no cloak)
rCorr   .          Rampage  .    (no gloves)
Will    .....                    (no boots)
Stlth   ++........               (no amulet)
HPRegen 0.24/turn                (no ring)
MPRegen 0.08/turn                (no ring)

@: no status effects
A: (nimble swimmer 2), mertail
a: no special abilities


You were on level 1 of the Dungeon.
You visited 1 branch of the dungeon, and saw 1 of its levels.

You collected 4 gold pieces.

Inventory:

Hand Weapons
 a - a +0 falchion (weapon)
Armour
 b - a +0 robe (worn)


   Skills:
 + Level 4.1 Fighting
 - Level 3.6 Long Blades
 - Level 4.0 Dodging
 - Level 2.1 Stealth


You had one spell level left.
You didn't know any spells.
Your spell library was empty.

Dungeon Overview and Level Annotations

Branches:
Dungeon (1/15)

Altars:
Vehumet


Innate Abilities, Weirdness & Mutations

((You are very nimble when in or above water. (Stealth+, EV+, Speed+++)))
Your lower body shifts to a powerful aquatic tail in water.


Message History

You hit the endoplasm but do no damage. The quokka bites you.
The endoplasm hits you.
You bump into the rock wall.
The quokka bites you. The endoplasm freezes you.
You are frozen.
The quokka bites you but does no damage.
You bump into the rock wall.
The endoplasm hits you. The quokka barely misses you.
You miss the quokka.
You feel less invigorated.
You feel less confused. The endoplasm freezes you.
You are frozen.
The quokka bites you.
* * * LOW HITPOINT WARNING * * *
The endoplasm hits you.
* * * LOW HITPOINT WARNING * * *
You slash the endoplasm!
You kill the endoplasm!
Vehumet accepts your kill. The quokka completely misses you.
The jackal bites you but does no damage.
You barely miss the jackal. The quokka bites you.
* * * LOW HITPOINT WARNING * * *
The jackal bites you.
* * * LOW HITPOINT WARNING * * *
The quokka barely misses you.
Okay, then.
Really renounce your faith, foregoing its fabulous benefits?
Are you sure?
You have lost your religion!
Vehumet does not appreciate desertion!
The jackal misses you. The quokka completely misses you.
The jackal bites you but does no damage.
The jackal attacks as you move away! The jackal completely misses you.
The quokka misses you. The quokka closely misses you.
The jackal closely misses you.
You hit the quokka.
The quokka is moderately wounded.
The jackal closely misses you. The quokka barely misses you.
The jackal misses you. The quokka bites you.
You die...

##.~≈≈≈≈.#####.......#
#.#~...≈#............#
##.~..<≈.#.......†...#
#.#~...≈#............#
##.~≈≈≈≈.#..........##
#.#.#.#.#...........#
##.#.#.#)#......._..#
..#.#.#.#...........#
#.#.#.#.#.#.....@r..†###
#................h#....#
###################.†..#
#....# #....# #....#
#..... #...... #....##.


You could see a quokka and a jackal.

Vanquished Creatures
  A dart slug (D:1)
  An endoplasm (D:1)
  A giant cockroach (D:1)
  A goblin (D:1)
  3 jackals (D:1)
  A quokka (D:1)
  A rat (D:1)
9 creatures vanquished.

Notes
Turn   | Place    | Note
-------+----------+-------------------------------------------
     0 | D:1      | NinjaNoafa the Merfolk Monk began the quest for the Orb.
     0 | D:1      | Reached XP level 1. HP: 18/18 MP: 1/1
   130 | D:1      | Found a faded altar of an unknown god.
   139 | D:1      | Reached XP level 2. HP: 25/25 MP: 2/2
   143 | D:1      | Prayed at the altar of an unknown god.
   143 | D:1      | Became a worshipper of Vehumet
   143 | D:1      | Reached * piety under Vehumet
   143 | D:1      | Offered knowledge of Magic Dart by Vehumet.
   143 | D:1      | Reached ** piety under Vehumet
   161 | D:1      | HP: 1/25 [frozen (1)]
   170 | D:1      | HP: 1/25 [jackal (3)]
   171 | D:1      | Fell from the grace of Vehumet
   174 | D:1      | Slain by a quokka

Illustrated notes

Levels and vault maps discovered:
D:1:      ncdulo_watergridlock, layout_basic,
          ebering_ecumenical_altar_sacrificial, minmay_misc_feat_plants,
          minmay_pentomino_p4

Skill      XL: |  1  2 |
---------------+-------+-----
Fighting       | 4 |  4.1
Long Blades    | |  3.6
Dodging        | |  4.0
Stealth        | |  2.1

Action                   || total
-------------------------++-------
Melee: Falchion          ||    25
Invok: Renounce Religion ||     1
  Use: Potion            ||     1
Armor: Robe              ||     8
Dodge: Dodged            ||    46

Table legend: (Time is in decaauts)
 A = Elapsed time spent in this place.
 B = Non-inter-level travel time spent in this place.
 C = Inter-level travel time spent in this place.
 D = Time resting spent in this place.
 E = Time spent auto-exploring this place.
 F = Levels seen in this place.
 G = Mean time per level.
                   A        B        C        D        E       F      G
               +--------+--------+--------+--------+--------+-----+--------+
         Total |    175 |    175 |      0 |      0 |    104 |   1 |  175.0 |
       Dungeon |    175 |    175 |      0 |      0 |    104 |   1 |  175.0 |
               +--------+--------+--------+--------+--------+-----+--------+

Top non-repeatable levels by time:
     D:1: 175 daAuts
